 Dungeon Crawl Stone Soup version 0.31-a0-441-g867994ef1c (webtiles) character file.

Game seed: 13714029834960397174

98 garrulousMonolith the Digger (level 4, -1/25 HPs)
             Began as a Gargoyle Earth Elementalist on Aug 3, 2023.
             Slain by Blork the orc
             ... wielding a +0 short sword
              (4 damage)
             ... on level 4 of the Dungeon.
             The game lasted 00:02:09 (2411 turns).

garrulousMonolith the Digger (GrEE)                 Turns: 2411, Time: 00:02:09

Health: -1/25      AC:  6    Str: 11    XL:     4   Next: 71%
Magic:  2/7        EV: 11    Int: 18    God:
Gold:   100        SH:  0    Dex: 10    Spells: 2/8 levels left

rFire   . . .        e - +0 dagger
rCold   . . .        (no shield)
rNeg    + . .        a - +1 robe
rPois   ∞            (no helmet)
rElec   +            (no cloak)
rCorr   .            (no gloves)
SInv    .            (no boots)
Will    .....        (no amulet)
Stlth   ++           (no ring)
HPRegen 0.24/turn    (no ring)
MPRegen 0.10/turn

%: no passive effects
@: no status effects
A: sickness immunity, AC +3, negative energy resistance 1, electricity
resistance, torment resistance 1, petrification resistance
a: no special abilities


You were on level 4 of the Dungeon.
You visited 1 branch of the dungeon, and saw 4 of its levels.

You collected 100 gold pieces.

Inventory:

Hand Weapons
 e - a +0 dagger (weapon)
Missiles
 f - 6 poisoned darts (quivered)
Armour
 a - a +1 robe (worn)
Wands
 r - a wand of mindburst (11)
Scrolls
 d - 2 scrolls of blinking
 g - a scroll of brand weapon {unknown}
 h - a scroll of vulnerability {unknown}
 i - a scroll of enchant weapon {unknown}
 j - a scroll of noise {unknown}
 k - a scroll of amnesia {unknown}
 l - a scroll of identify {unknown}
 n - a scroll of teleportation
 p - a scroll of revelation {unknown}
 q - a scroll of enchant armour
Potions
 c - a potion of heal wounds {unknown}
 m - a potion of might {unknown}
 o - a potion of enlightenment {unknown}


   Skills:
 + Level 1.4 Fighting
 - Level 1.5 Dodging
 - Level 2.1 Stealth
 + Level 2.5 Spellcasting
 + Level 1.3 Conjurations
 * Level 2.0 Transmutations
 * Level 4.5 Earth Magic


You had 2 spell levels left.
You knew the following spells:

 Your Spells              Type           Power      Damage    Failure   Level
a - Sandblast             Erth           36%        2d10      2%          1
b - Stone Arrow           Conj/Erth      24%        3d8       16%         3
c - Passwall              Tmut/Erth      10%        N/A       7%          2

Your spell library contained the following spells:

 Spells                   Type           Power      Damage    Failure   Level
 Magic Dart               Conj           28%        1d4       10%         1
 Call Imp                 Summ           4%         N/A       26%         2
 Mephitic Cloud           Conj/Pois/Air  3%         N/A       41%         3
 Petrify                  Tmut/Erth      13%        N/A       41%         4


Dungeon Overview and Level Annotations

Branches:
Dungeon (3/15)

Altars:

Annotations:
D:3 1 runed translucent door, horus123's ghost, amateur FoCK
D:4 Blork the orc


Innate Abilities, Weirdness & Mutations

You are immune to sickness and miasma.
Your stone body is resilient. (AC +3)
You are immune to poison.
You resist negative energy. (rN+)
You are resistant to electric shocks. (rElec)
You are resistant to unholy torment.
You are immune to petrification.


Message History

Casting: Sandblast (safe; 3% risk of failure)
Confirm with . or Enter, or press ? or * to list all spells.
Aiming: Sandblast (safe; 3% risk of failure)
Press: ? - help, Shift-Dir - straight line, f/p - Ijyb
Aim: Ijyb, wielding a +0 club, wearing a +0 ring mail and carrying a wand of paralysis (severely wounded, 80% to hit)
The blast of sand hits Ijyb!
You kill Ijyb!
The ball python barely misses you. The ball python grabs you.
The ball python constricts you.
Casting: Sandblast (safe; 2% risk of failure)
Confirm with . or Enter, or press ? or * to list all spells.
Aiming: Sandblast (safe; 2% risk of failure)
Press: ? - help, Shift-Dir - straight line, f - ball python
Aim: a ball python (constricting you, 80% to hit)
The blast of sand hits the ball python!
You kill the ball python!
Blork the orc points at you and mumbles some strange words.
The puff of flame hits you.
* * * LOW HITPOINT WARNING * * *
Blork the orc screams, "I'm going to kill you!"
Your Transmutations skill increases to level 2!
Casting: Sandblast (safe; 2% risk of failure)
Confirm with . or Enter, or press ? or * to list all spells.
Aiming: Sandblast (safe; 2% risk of failure)
Press: ? - help, Shift-Dir - straight line, f - Blork the orc
Aim: Blork the orc, wielding a +0 short sword and wearing a +0 robe (fast, 84% to hit)
The blast of sand hits Blork the orc.
Blork the orc is lightly wounded.
Blork the orc hits you with a +0 short sword.
* * * LOW HITPOINT WARNING * * *
Blork the orc barely misses you.
Casting: Sandblast (safe; 2% risk of failure)
Confirm with . or Enter, or press ? or * to list all spells.
Aiming: Sandblast (safe; 2% risk of failure)
Press: ? - help, Shift-Dir - straight line, f/p - Blork the orc
Aim: Blork the orc, wielding a +0 short sword and wearing a +0 robe (lightly wounded, fast, 84% to hit)
The blast of sand hits Blork the orc!
Blork the orc is heavily wounded.
Blork the orc hits you with a +0 short sword.
You die...

###### ......
......## #####
.......#.####...##
.......#.........##
.......####.......#
~......o@.........#
~.....####........#
...## ##......## ~
##.....## #.......#
#.......# #.......#
##.....## ##...##


You could see Blork the orc (fast).

Vanquished Creatures
  Ijyb (D:4)
  3 adders (D:2)
  A worm (D:2)
  A dart slug (D:1)
  2 ball pythons
  4 bats
  7 endoplasms
  4 giant cockroaches
  3 hobgoblins
  3 kobolds
  A quokka (D:1)
  3 frilled lizards
  3 goblins (D:1)
  4 rats
40 creatures vanquished.

Notes
Turn   | Place    | Note
-------+----------+-------------------------------------------
     0 | D:1      | garrulousMonolith the Gargoyle Earth Elementalist began the
                  | quest for the Orb.
     0 | D:1      | Reached XP level 1. HP: 10/10 MP: 3/3
   144 | D:1      | Reached skill level 1 in Transmutations
   221 | D:1      | Reached XP level 2. HP: 16/16 MP: 3/5
   663 | D:1      | Reached skill level 4 in Earth Magic
   698 | D:1      | Reached skill level 1 in Fighting
   698 | D:1      | Reached XP level 3. HP: 20/20 MP: 3/6
   702 | D:1      | Learned a level 3 spell: Stone Arrow
   705 | D:1      | Learned a level 2 spell: Passwall
  1164 | D:2      | Reached skill level 1 in Conjurations
  1484 | D:2      | Reached XP level 4. HP: 25/25 MP: 4/7
  2302 | D:3      | Found a runed translucent door.
  2303 | D:3      | Noticed a sky beast
  2304 | D:3      | Noticed horus123's ghost (amateur FoCK)
  2374 | D:3      | You fall into a shaft and drop 1 floor!
  2394 | D:4      | Noticed Blork the orc
  2395 | D:4      | Noticed Ijyb
  2408 | D:4      | Killed Ijyb
  2411 | D:4      | Slain by Blork the orc

Illustrated notes

Levels and vault maps discovered:
D:1:      ebering_hopf_link, layout_loops_ring
D:2:      layout_loops_corners, serial_rivers, chequers_serial_rivers_large_a,
          chequers_serial_rivers_large_b, chequers_serial_rivers_micro_b,
          chequers_serial_rivers_room_a, chequers_serial_rivers_micro_b
D:3:      layout_basic, marbit_many_paths,
          nicolae_dithmenos_through_a_glass_darkly,
          hellmonk_ecumenical_altar_arch_garden, serial_bayou,
          serial_bayou_ford_a, serial_bayou_shore_b, serial_bayou_lagoon_a,
          serial_bayou_crossing, ebering_ghost_inner_flame
D:4:      layout_rooms, bloody_trog, minmay_temple_entry_overgrown,
          serial_shops, nicolae_shop_back_alley_shop, kennysheep_mini_moat,
          kennysheep_little_box, uniq_blork_the_orc, uniq_sigmund, uniq_ijyb,
          uniq_pikel

Skill      XL: |  1  2  3  4 |
---------------+-------------+-----
Transmutations | 1 2 |  2.0
Earth Magic    | 4 |  4.5
Fighting       | 1 |  1.4
Conjurations   | 1 |  1.3
Dodging        | |  1.5
Stealth        | |  2.1
Spellcasting   | |  2.5

Action                     |  1- 3 |  4- 6 || total
---------------------------+-------+-------++-------
  Melee: Unarmed           |    15 |       ||    15
   Cast: Sandblast         |    50 |    27 ||    77
    Use: Scroll            |     1 |     2 ||     3
         Potion            |       |     1 ||     1
 Armour: Robe              |    21 |     7 ||    28
  Dodge: Dodged            |    27 |     8 ||    35

Table legend: (Time is in decaauts)
 A = Elapsed time spent in this place.
 B = Non-inter-level travel time spent in this place.
 C = Inter-level travel time spent in this place.
 D = Time resting spent in this place.
 E = Time spent auto-exploring this place.
 F = Levels seen in this place.
 G = Mean time per level.
                   A        B        C        D        E       F      G
               +--------+--------+--------+--------+--------+-----+--------+
         Total |   2511 |   2454 |     57 |     35 |   2099 |   4 |  627.8 |
       Dungeon |   2511 |   2454 |     57 |     35 |   2099 |   4 |  627.8 |
               +--------+--------+--------+--------+--------+-----+--------+

Top non-repeatable levels by time:
     D:2: 1350 daAuts
     D:1: 1005 daAuts
     D:3: 112 daAuts
     D:4: 43 daAuts
